 Dungeon Crawl Stone Soup version 0.19-a0-713-g934ebc7 (webtiles) character file.

443 st0uf the Shield-Bearer (level 7, -6/54 HPs)
             Began as a Formicid Fighter on June 20, 2016.
             Mangled by an ogre
             ... wielding a cursed +0 giant spiked club
              (30 damage)
             ... on level 4 of the Dungeon.
             The game lasted 00:14:58 (3566 turns).

st0uf the Shield-Bearer (Formicid Fighter)          Turns: 3566, Time: 00:14:59

Health: -6/54      AC:  7    Str: 21    XL:     7   Next: 23%
Magic:  7/7        EV:  9    Int:  7    God:
Gold:   79         SH: 10    Dex: 12    Spells: 0 memorised, 6 levels left

rFire  + . .     SeeInvis +     a - +0 war axe
rCold  . . .     Gourm    .     b - +0 scale mail
rNeg   . . .     Faith    .     c - +0 shield
rPois  .         Spirit   .     (helmet unavailable)
rElec  .         Dismiss  .     (no cloak)
rCorr  .         Reflect  .     (no gloves)
SustAt .         Harm     .     (no boots)
MR     .....                    (no amulet)
Stlth  ..........               (no ring)
                                y - ring of protection from fire

@: not resistant to hostile enchantments, extremely unstealthy
A: permanent stasis, dig shafts and tunnels, four strong arms, antennae 3
a: Dig, Shaft Self


You were on level 4 of the Dungeon.
You were hungry.

You visited 1 branch of the dungeon, and saw 4 of its levels.

You collected 79 gold pieces.

Inventory:

Hand Weapons
 a - a +0 war axe (weapon)
 r - a +0 hunting sling
 B - the +4 flail "Xutreec" {freeze, rF- rN+ MR+ Str+5}
   (You found it on level 4 of the Dungeon)

   It has been specially enchanted to freeze those struck by it, causing extra
   injury to most foes and up to half again as much damage against particularly
   susceptible opponents.
   It can also slow down cold-blooded creatures.
   It affects your strength (+5).
   It makes you vulnerable to fire.
   It protects you from negative energy.
   It affects your resistance to hostile enchantments.
Missiles
 e - 177 stones (quivered)
 q - 49 sling bullets
Armour
 b - a +0 scale mail (worn)
 c - a +0 shield (worn)
Jewellery
 y - a ring of protection from fire (left hand)
Wands
 s - a wand of flame (14/48)
Scrolls
 g - 5 scrolls of remove curse {unknown}
 h - 3 scrolls of fog {unknown}
 j - 4 scrolls of identify
 l - a scroll of blinking {unknown}
 m - a scroll of enchant weapon {unknown}
 n - a scroll of magic mapping {unknown}
 u - a scroll of immolation {unknown}
 w - a scroll of enchant armour {unknown}
 C - a scroll of noise {unknown}
Potions
 d - a potion of might
 i - 2 potions of invisibility {unknown}
 k - a potion of ambrosia {unknown}
 p - a potion of degeneration {unknown}
 v - 2 potions of curing {unknown}
 x - 2 potions of brilliance {unknown}
 z - 2 potions of flight {unknown}
Comestibles
 f - 5 bread rations
 o - 5 fruits
 t - 2 meat rations
 A - a royal jelly


   Skills:
 + Level 4.2 Fighting
 * Level 4.5 Axes
 + Level 4.5 Armour
 + Level 2.3 Dodging
 + Level 5.1 Shields


You had 6 spell levels left.
You didn't know any spells.

Dungeon Overview and Level Annotations

Branches:
Dungeon (4/15)
 Temple: D:4-7

Altars:

Annotations:
D:3 Edmund


Innate Abilities, Weirdness & Mutations

You are under a permanent stasis effect.
You can dig through walls and to a lower floor.
Your four strong arms can wield two-handed weapons with a shield.
You have a pair of large antennae on your head. (SInv)


Message History

You barely miss the ogre. The ogre closely misses you.
You hit the ogre but do no damage.
You completely miss the quokka skeleton.
The ogre misses you.
The quokka skeleton bites you but does no damage.
Your shield and scale mail prevent you from hitting the ogre.
You slash the quokka skeleton!
You destroy the quokka skeleton!
The ogre hits you with a giant spiked club!
You hit the ogre.
The ogre is lightly wounded.
The ogre hits you with a giant spiked club.
You slash the ogre!
The ogre is heavily wounded.
The ogre hits you with a giant spiked club!
You closely miss the ogre.
The ogre is heavily wounded.
The ogre hits you with a giant spiked club!!
Ouch! That really hurt!
You die...

#####.#######.#
#.#######.##
#..........#
#.#######..#
#.## ###..#
###..####....#
#.....?#######
#..†...#
##.@..##
#..O...#
≈≈........≈≈≈
≈≈≈≈#......#≈≈≈
≈≈.###...!###.≈
≈≈≈ ...... ≈≈
.≈ .......
#......#≈


You could see an ogre.

Vanquished Creatures
  The ghost of crawlian the Firebug, an amateur DEFE of Sif Muna (D:3)
  Natasha (thrice) (D:3)
  A worker ant (D:4)
  7 gnolls
  8 adders
  2 oozes
  2 worms
  A dart slug (D:1)
  3 giant geckos
  6 orcs
  A ball python (D:1)
  11 bats
  2 giant cockroaches (D:4)
  12 goblins
  5 hobgoblins
  2 quokkas
  3 giant newts (D:1)
  11 kobolds
  A quokka skeleton (D:4)
  6 rats
88 creatures vanquished.

Notes
Turn   | Place    | Note
--------------------------------------------------------------
     0 | D:1      | st0uf the Formicid Fighter began the quest for the Orb.
     0 | D:1      | Reached XP level 1. HP: 18/18 MP: 1/1
    84 | D:1      | Reached XP level 2. HP: 20/24 MP: 2/2
   219 | D:1      | Reached XP level 3. HP: 25/29 MP: 3/3
   484 | D:1      | Reached skill level 4 in Shields
   860 | D:2      | Reached XP level 4. HP: 27/37 MP: 4/4
  1091 | D:2      | Found a faded altar of an unknown god.
  1249 | D:2      | Reached skill level 1 in Dodging
  1651 | D:3      | Noticed crawlian's ghost (amateur DEFE)
  1789 | D:3      | Killed crawlian's ghost
  1789 | D:3      | Reached XP level 5. HP: 37/42 MP: 5/5
  1789 | D:3      | Reached XP level 6. HP: 42/48 MP: 6/6
  2200 | D:3      | Reached skill level 5 in Shields
  2410 | D:3      | Noticed Natasha
  2415 | D:3      | Killed Natasha
  2502 | D:3      | Noticed Natasha
  2505 | D:3      | Killed Natasha
  2548 | D:3      | Noticed Natasha
  2553 | D:3      | Killed Natasha
  2553 | D:3      | Reached XP level 7. HP: 54/54 MP: 7/7
  2696 | D:4      | Noticed Edmund
  3297 | D:4      | Got a scorched great sword
  3298 | D:4      | Identified the +4 great sword "Newtbane" {venom, Dex+3 Stlth+} (You found it on level 4 of the Dungeon)
  3488 | D:4      | Got a brightly glowing flail
  3489 | D:4      | Identified the +4 flail "Xutreec" {freeze, rF- rN+ MR+ Str+5} (You found it on level 4 of the Dungeon)
  3566 | D:4      | Mangled by an ogre

Vault maps used:
D:1:      dpeg_arrival_long_road
D:2:      first_bread, ecumenical_altar_2
D:3:      corexii_shack_village, uniq_natasha
D:4:      wad_lake_hut, uniq_edmund

Skill      XL: |  1  2  3  4  5  6 |
---------------+-------------------+-----
Shields        | 4 5 |  5.1
Dodging        | 1 2 |  2.3
Armour         | 4 |  4.5
Axes           | 3 4 |  4.5
Fighting       | 4 |  4.2

Action                   |  1- 3 |  4- 6 |  7- 9 || total
-------------------------+-------+-------+-------++-------
Melee: War axe           |   119 |   138 |    55 ||   312
 Abil: Dig               |       |     1 |     4 ||     5
  Use: Scroll            |       |       |     2 ||     2
  Eat: Chunk             |       |     6 |     3 ||     9
Armor: Scale mail        |    53 |    34 |     8 ||    95
Dodge: Dodged            |    46 |    47 |    16 ||   109
Block: Shield            |    67 |    82 |    14 ||   163
